cohdb
Replays
Latest Replays
All Replays
Popular Replays
Top Player Replays
Match Explorer
How It Works
Community
CoH3 Stats
Reddit
Sign in to upload your games and track your stats! →
Sign in with Steam
Match 45213764
Unlisted
Match 45213764
Overview
Messages
Build Orders
End
Panzergrenadier Squad
Selects Armored Support Battlegroup
250 Light Carrier
Panzergrenadier Squad
Construct Light Support Kompanie
Combat Half-tracks
Selects Salvage Kits
Selects Salvage Kits
250 Light Carrier
250 Light Carrier
Panzerjäger Mechanized Group
Selects Superior Fire Drills
Construct Mechanized Kompanie
8 Rad Armored Car
Vehicle Survival Package
Marder III Tank Destroyer
Support Armor Elements
254 Reconnaissance Tractor
Selects Flammpanzer III Medium Tank
Flammpanzer III Medium Tank
Marder III Tank Destroyer
AI
elfen
Beary bear
新年辞旧喜洋洋
TIE avenger
QAQ87
Hold My Beer
nogadaman
0
0
Comments
sign in to comment!
No comments posted yet!